 Dungeon Crawl Stone Soup version 0.20-a0-967-g62cfa5d (webtiles) character file.

3213 Koga the Basher (level 10, -2/73 HPs)
             Began as a Formicid Fighter on Apr 7, 2017.
             Was an Elder of Okawaru.
             Slain by Koga's ghost (5 damage)
             ... on level 7 of the Dungeon.
             The game lasted 00:19:55 (9170 turns).

Koga the Basher (Formicid Fighter)                  Turns: 9170, Time: 00:19:56

Health: -2/73      AC: 13    Str: 29    XL:     10   Next: 17%
Magic:  10/10      EV:  5    Int:  8    God:    Okawaru [****..]
Gold:   407        SH:  9    Dex: 10    Spells: 9/9 levels left

rFire    . . .     SeeInvis +   x - +4 falchion
rCold    . . .     Gourm    .   c - +0 shield
rNeg     . . .     Faith    .   t - +1 plate armour
rPois    .         Spirit   .   (helmet unavailable)
rElec    .         Reflect  .   (no cloak)
rCorr    .         Harm     .   (no gloves)
MR       +....                  z - +1 pair of boots {Stlth+}
Stlth    ..........             (no amulet)
Regen    0.3/turn               k - +5 ring of strength
MPRegen  0.2/turn               (no ring)

@: heavily drained
A: permanent stasis, dig shafts and tunnels, four strong arms, antennae 3
a: Dig, Shaft Self, Heroism, Renounce Religion


You were on level 7 of the Dungeon.
You worshipped Okawaru.
Okawaru was greatly pleased with you.
You were not hungry.

You visited 1 branch of the dungeon, and saw 7 of its levels.
You also visited: Sewer.

You collected 407 gold pieces.

Inventory:

Hand Weapons
 x - a +4 falchion (weapon)
Armour
 c - a +0 shield (worn)
 d - a +1 ring mail of cold resistance
 t - a +1 plate armour (worn)
 z - a +1 pair of boots of stealth (worn)
Jewellery
 k - a +5 ring of strength (left hand)
 s - an uncursed amulet of rage
Wands
 h - a wand of lightning (12/15)
Scrolls
 b - 2 scrolls of fear
 e - 4 scrolls of identify
 i - 5 scrolls of teleportation
 n - a scroll of recharging
 o - 4 scrolls of remove curse
 p - a scroll of amnesia
 y - a scroll of enchant weapon
Potions
 g - 2 potions of haste
 j - 2 potions of invisibility
 l - a potion of curing
 m - a potion of agility
 q - a potion of experience {unknown}
 r - a potion of flight {unknown}
 u - 2 potions of lignification
Comestibles
 f - 4 bread rations
 v - a meat ration
 w - 2 fruits


   Skills:
 - Level 4.7(3.3) Fighting
 * Level 2.2(0.9) Long Blades
   Level 12.8(11.1) Maces & Flails
 - Level 3.2(1.9) Armour
 - Level 3.6(2.2) Shields


You had 9 spell levels left.
You didn't know any spells.

Dungeon Overview and Level Annotations

Branches:
Dungeon (7/15)
 Temple: D:4-7

Altars:
Okawaru

Shops:
D:6 :   D:7 *

Annotations:
D:7 Koga's ghost, novice FoFi


Innate Abilities, Weirdness & Mutations

You cannot be hasted, slowed, berserked, paralysed or teleported.
You can dig through walls and to a lower floor.
Your four strong arms can wield two-handed weapons with a shield.
You have a pair of large antennae on your head. (SInv)


Message History

Koga's ghost is moderately damaged.
Koga's ghost hits you! Koga's ghost burns you.
You hit Koga's ghost.
Koga's ghost is moderately damaged.
Koga's ghost hits you.
* * * LOW HITPOINT WARNING * * *
Koga's ghost burns you.
* * * LOW HITPOINT WARNING * * *
You completely miss Koga's ghost.
Koga's ghost is moderately damaged.
Koga's ghost hits you.
* * * LOW HITPOINT WARNING * * *
Koga's ghost burns you.
* * * LOW HITPOINT WARNING * * *
Koga's ghost hits you.
* * * LOW HITPOINT WARNING * * *
Koga's ghost burns you.
* * * LOW HITPOINT WARNING * * *
Koga's ghost hits you.
You die...

..........##.............#≈###≈#
..........##.##########..#≈≈≈≈≈#
..............................##
..........##.#.##.####.#.####.#
...........#.#.##.# #.#.# #.#
...........#.#..#.# #.#.####.#
...........#.#..#[# #.#.#.##.#
####.##......#.[#[####.#......#
..)..........#.W@.(....#.#.####
#######..#...#.........#...# #
#..#...##...####.###.#
#######..#...##...# #.# #.#
..................# #.###.#
###..........##..(# #.....#
..................####.#####
###.####.#.............#
#.####.##.###.########


You could see Koga's ghost.

Vanquished Creatures
  An unseen horror (D:4)
  The ghost of Koga the Basher, a novice FoFi (D:5)
  2 orc warriors
  An ice beast (D:6)
  A sky beast (D:5)
  A phantom (D:4)
  4 ogres
  2 centaurs
  A bullfrog (D:6)
  A scorpion (D:4)
  8 wights
  4 howler monkeys
  A crimson imp (D:5)
  2 bullfrog zombies (D:5)
  A centaur zombie (D:5)
  2 centaur skeletons
  A hound (D:4)
  2 iguanas (D:6)
  A bullfrog skeleton (D:5)
  3 orc wizards
  2 worker ants
  A hound zombie (D:7)
  A hound skeleton (D:4)
  9 adders
  8 gnolls
  A shadow imp (D:5)
  3 oozes
  2 adder skeletons
  An adder zombie (D:7)
  4 worms
  2 dart slugs
  5 leopard geckos
  13 orcs
  6 bats
  6 giant cockroaches
  8 goblins
  5 hobgoblins
  6 jackals
  7 kobolds
  5 quokkas
  2 ball pythons (D:4)
  A frilled lizard (D:3)
  A leopard gecko skeleton (D:5)
  A quokka skeleton (D:5)
  6 rats
146 creatures vanquished.

Notes
Turn   | Place    | Note
-------+----------+-------------------------------------------
     0 | D:1      | Koga the Formicid Fighter began the quest for the Orb.
     0 | D:1      | Reached XP level 1. HP: 18/18 MP: 1/1
    34 | D:1      | Reached XP level 2. HP: 16/24 MP: 2/2
   306 | D:1      | Reached skill level 3 in Maces & Flails
   360 | D:1      | Reached XP level 3. HP: 29/29 MP: 3/3
  1044 | D:2      | Found an iron altar of Okawaru.
  1092 | D:2      | Reached skill level 4 in Maces & Flails
  1092 | D:2      | Reached XP level 4. HP: 35/35 MP: 4/4
  1113 | D:2      | Became a worshipper of Warmaster Okawaru
  1670 | D:1      | HP: 1/35 [gnoll/flail (4)]
  2004 | D:3      | Reached XP level 5. HP: 37/41 MP: 5/5
  2007 | D:3      | Reached skill level 5 in Maces & Flails
  2860 | D:4      | Found a glowing drain.
  2954 | Sewer    | Entered a sewer
  2990 | Sewer    | Noticed a big kobold
  3138 | D:4      | Reached XP level 6. HP: 35/47 MP: 6/6
  3354 | D:4      | Reached skill level 6 in Maces & Flails
  3738 | D:4      | Noticed a phantom
  3761 | D:4      | Killed a phantom
  3761 | D:4      | Reached * piety under Okawaru
  3761 | D:4      | Reached skill level 7 in Maces & Flails
  3761 | D:4      | Reached XP level 7. HP: 48/52 MP: 7/7
  4496 | D:5      | Entered Level 5 of the Dungeon
  4496 | D:5      | Noticed Koga's ghost (novice FoFi)
  4657 | D:5      | Reached skill level 8 in Maces & Flails
  4904 | D:5      | Reached ** piety under Okawaru
  4904 | D:5      | Reached XP level 8. HP: 50/58 MP: 8/8
  5138 | D:5      | Reached skill level 9 in Maces & Flails
  5178 | D:5      | Noticed an unseen horror
  5779 | D:4      | Killed an unseen horror
  5779 | D:4      | Reached *** piety under Okawaru
  5779 | D:4      | Reached skill level 10 in Maces & Flails
  5779 | D:4      | Reached XP level 9. HP: 12/64 MP: 9/9
  6124 | D:5      | Reached skill level 11 in Maces & Flails
  6194 | D:5      | Killed Koga's ghost
  6670 | D:6      | Reached skill level 12 in Maces & Flails
  6938 | D:6      | Reached **** piety under Okawaru
  7514 | D:6      | Found Siuculipt's Book Emporium.
  7747 | D:6      | Reached XP level 10. HP: 44/71 MP: 10/10
  8389 | D:7      | Reached skill level 1 in Long Blades
  8699 | D:7      | Found Luovviu's Assorted Antiques.
  8798 | D:7      | Noticed Koga's ghost (novice FoFi)
  9169 | D:7      | HP: 3/73 [Koga's ghost (2)]
  9170 | D:7      | Slain by Koga's ghost

Vault maps used:
D:1:      kennysheep_arrival_forest, minmay_misc_feat_pillars,
          minmay_curled_crystal
D:2:      nicolae_overflow_crystal_walls, first_bread
D:3:      minmay_misc_feat_encased, feat_on_display
D:4:      serial_forest, infiniplex_forest_clump_long, infiniplex_forest_3_way,
          infiniplex_forest_clump_tiny, infiniplex_forest_clump_curved,
          infiniplex_forest_straight_2, infiniplex_forest_end_3,
          portal_sewer_entry_f
D:5:      nrook_mini_vaults, kennysheep_generic_room_14
D:6:      lemuel_ice_spiral_2, serial_shops, shop
D:7:      minmay_temple_entry_junction, serial_shops, kennysheep_mini_moat
Sewer:    sewer_co_tree

Skill      XL: |  1  2  3  4  5  6  7  8  9 10 |
---------------+-------------------------------+-----
Maces & Flails | 3 4 5 7 8 10 12 | 12.8
Fighting       | 4 |  4.7
Long Blades    | 2 |  2.2
Armour         | |  3.2
Shields        | |  3.6

Action                   |  1- 3 |  4- 6 |  7- 9 | 10-12 || total
-------------------------+-------+-------+-------+-------++-------
Melee: Flail             |   126 |   171 |   369 |    21 ||   687
       Falchion          |       |       |       |    86 ||    86
Invok: Heroism           |       |       |     1 |     1 ||     2
 Abil: Dig               |     1 |     1 |     3 |       ||     5
  Use: Scroll            |       |    10 |     5 |     4 ||    19
       Potion            |       |     3 |     3 |       ||     6
  Eat: Chunk             |     1 |     4 |    12 |     3 ||    20
       Bread ration      |       |     1 |       |       ||     1
       Royal jelly       |       |       |     1 |       ||     1
       Fruit             |       |       |       |     1 ||     1
Armor: Scale mail        |    66 |    21 |       |       ||    87
       Plate armour      |       |    69 |   169 |    67 ||   305
       Skin              |       |       |    16 |       ||    16
Dodge: Dodged            |    52 |    39 |    59 |    25 ||   175
Block: Shield            |    75 |   106 |   181 |    46 ||   408
       Rpst.: Falchion   |       |       |       |     3 ||     3
